 Dungeon Crawl Stone Soup version 0.26.0-91-g99b343417d (webtiles) character file.

Game seed: 8879684779280142065

36 hawla the Conjurer (level 3, -1/26 HPs)
             Began as a Draconian Conjurer on Feb 3, 2021.
             Slain by a goblin
             ... wielding a +3 dagger
             ... led by Robin
              (3 damage)
             ... on level 2 of the Dungeon on Feb 4, 2021.
             The game lasted 00:03:36 (1372 turns).

hawla the Conjurer (Draconian Conjurer)             Turns: 1372, Time: 00:03:37

Health: -1/26      AC:  5    Str:  9    XL:     3   Next: 19%
Magic:  7/7        EV: 12    Int: 19    God:
Gold:   45         SH:  0    Dex:  9    Spells: 4/7 levels left

rFire    . . .     SeeInvis +   (no weapon)
rCold    . . .     Faith    .   (no shield)
rNeg     . . .     Spirit   .   (armour unavailable)
rPois    +         Reflect  .   (helmet restricted)
rElec    .         Harm     .   (no cloak)
rCorr    .         Rampage  .   (no gloves)
Will     .....                  (no boots)
Stlth    ++........             (no amulet)
HPRegen  0.08/turn              d - ring of poison resistance
MPRegen  0.10/turn              c - ring of see invisible

@: about to teleport
A: unfitting armour, cold-blooded, AC +5
a: no special abilities


You were on level 2 of the Dungeon.
You visited 1 branch of the dungeon, and saw 2 of its levels.

You collected 45 gold pieces.

Inventory:

Jewellery
 c - a ring of see invisible (right hand)
 d - a ring of poison resistance (left hand)
Potions
 b - a potion of invisibility {unknown}
 e - a potion of degeneration {unknown}


   Skills:
 - Level 1.7 Dodging
 - Level 1.7 Stealth
 + Level 2.8 Spellcasting
 + Level 4.5 Conjurations


You had 4 spell levels left.
You knew the following spells:

 Your Spells              Type           Power        Failure   Level
a - Magic Dart            Conj           80%          2%          1
b - Searing Ray           Conj           40%          3%          2

Your spell library contained the following spells:

 Spells                   Type           Power        Failure   Level
 Dazzling Flash           Conj/Hex       22%          19%         3
 Fulminant Prism          Conj/Hex       5%           52%         4
 Iskenderun's Mystic Bla  Conj/Tloc      11%          52%         4


Dungeon Overview and Level Annotations

Branches:
Dungeon (2/15)

Altars:

Annotations:
D:2 Robin


Innate Abilities, Weirdness & Mutations

Your plain brown scales are hard. (AC +5)
You cannot fit into any form of body armour.
You are cold-blooded and may be slowed by cold attacks.


Message History

Casting: Searing Ray (safe; 3% risk of failure)
Confirm with . or Enter, or press ? or * to list all spells.
Aiming: Magic Dart (safe; 2% risk of failure)
Press: ? - help, Shift-Dir - straight line, f - goblin
Aim: a goblin, wielding a +0 club (blue smoke, strong, 0% to evade)
The magic dart hits the goblin.
The goblin is severely wounded.
The goblin hits you with a +3 dagger. The goblin misses you.
You hit the goblin.
You kill the goblin!
The goblin closely misses you. The goblin hits you with a +0 club.
* * * LOW HITPOINT WARNING * * *
As you read the scroll of teleportation, it crumbles to dust.
You feel strangely unstable. The goblin hits you with a +3 dagger.
* * * LOW HITPOINT WARNING * * *
It was a potion of magic.
Magic courses through your body. The goblin hits you with a +0 club.
* * * LOW HITPOINT WARNING * * *
The goblin hits you with a +3 dagger.
You die...

#.# **,,,** *,,,,,,** #.# *#.#*
*****,,* #.# #.# *,,* #.# #.#
*,,* #.# #.# *####**#,,*
#.############.# *...,gg,,,*
...............# ####.##.#).,,*
..######.#####§####.)g......>,,**
..# #.##...§g@gg)g.g..g...,,,,
..## #.##.#.§g###.##.#.#g..,,,,
...#* #......#§.....<.#*..,.,,,,
###.#**####.#...###)####**...,,**
# *....†....##....#.#******..,,*
#**,#############....,,,,,,,.,**
.,,** *####********** ##**


You could see a hobgoblin (strong) and 3 goblins.

Vanquished Creatures
  2 dart slugs (D:1)
  7 goblins (D:2)
  4 hobgoblins
  3 jackals (D:2)
  5 bats
  6 kobolds
  A rat (D:1)
28 creatures vanquished.

Notes
Turn   | Place    | Note
-------+----------+-------------------------------------------
     0 | D:1      | hawla the Draconian Conjurer began the quest for the Orb.
     0 | D:1      | Reached XP level 1. HP: 14/14 MP: 3/3
   340 | D:1      | Reached XP level 2. HP: 20/20 MP: 1/5
   598 | D:1      | Learned a level 2 spell: Searing Ray
  1356 | D:2      | Noticed Robin
  1365 | D:2      | Reached XP level 3. HP: 25/26 MP: 4/7
  1372 | D:2      | Slain by a goblin

Illustrated notes

Levels and vault maps discovered:
D:1:      dpeg_arrival_round_a, layout_basic
D:2:      minmay_alternating_diamond, layout_loops_ring,
          chequers_serial_rivers_micro_e, uniq_robin

Action                   || total
-------------------------++-------
Melee: Unarmed           ||     1
 Cast: Magic Dart        ||    28
       Searing Ray       ||    11
  Use: Scroll            ||     6
       Potion            ||     1
Armor: Skin              ||     3
Dodge: Dodged            ||    12
